 Dungeon Crawl Stone Soup version 0.31-a0-360-gb3e1d13bf4 (webtiles) character file.

Game seed: 17207748041870666041

10357 Maxmaps the Bludgeoner (level 11, -14/115 HPs)
             Began as an Ogre Monk on July 27, 2023.
             Was an Elder of the Shining One.
             Demolished by a boulder beetle (46 damage)
             ... on level 10 of the Dungeon.
             The game lasted 00:16:42 (10808 turns).

Maxmaps the Bludgeoner (Ogre Monk)                 Turns: 10808, Time: 00:16:43

Health: -14/115    AC:  7    Str: 17    XL:     11   Next: 60%
Magic:  11/11      EV: 10    Int: 15    God:    the Shining One [****..]
Gold:   456        SH:  5    Dex: 11    Spells: 10/10 levels left

rFire   + . .        e - +0 giant spiked club
rCold   + . .        (shield currently unavailable)
rNeg    + + +        g - +0 troll leather armour
rPois   +            (helmet restricted)
rElec   .            n - +1 cloak
rCorr   .            (gloves unavailable)
SInv    .            (boots unavailable)
Will    +....        f - amulet "Wapnudi" {Reflect rPois rF+ rN+ SH+5}
Stlth   +            (no ring)
HPRegen 1.19/turn    (no ring)
MPRegen 0.12/turn

%: reflection
@: glowing, studying Shapeshifting
A: large, unfitting armour, tough skin 1, cold resistance 1
a: Renounce Religion, Divine Shield, Cleansing Flame


You were on level 10 of the Dungeon.
You worshipped the Shining One.
The Shining One was greatly pleased with you.
You visited 2 branches of the dungeon, and saw 11 of its levels.

You collected 456 gold pieces.

Inventory:

Hand Weapons
 a - a +1 mace of protection
 e - a +0 giant spiked club (weapon)
Armour
 b - a +0 robe
 g - a +0 troll leather armour (worn)
 n - a +1 cloak (worn)
Jewellery
 c - an amulet of the acrobat
 f - the amulet "Wapnudi" (around neck) {Reflect rPois rF+ rN+ SH+5}
   (You acquired it on level 3 of the Dungeon)

   [amulet of reflection]

   It reflects blocked missile attacks.
   rF:        It protects you from fire.
   rPois:     It protects you from poison.
   rN:        It protects you from negative energy.
   SH:        It affects your SH (+5).
Wands
 d - a wand of flame (10)
 i - a wand of acid (8)
 l - a wand of iceblast (16)
 r - a wand of charming (6)
 v - a wand of mindburst (5)
Scrolls
 h - 2 scrolls of enchant armour
 j - 3 scrolls of identify
 s - a scroll of blinking
 u - a scroll of revelation
Potions
 k - 3 potions of brilliance
 m - 3 potions of mutation
 o - 2 potions of enlightenment
 t - a potion of resistance


   Skills:
 + Level 9.3 Fighting
 - Level 15.0 Maces & Flails
 - Level 3.0 Armour
 - Level 3.0 Dodging


You had 10 spell levels left.
You didn't know any spells.
Your spell library contained the following spells:

 Spells                   Type           Power      Damage    Failure   Level
 Sandblast                Erth           0%         2d4       32%         1
 Sting                    Tmut/Pois      0%         1d3       32%         1
 Summon Small Mammal      Summ           0%         N/A       32%         1
 Passwall                 Tmut/Erth      0%         N/A       43%         2
 Poisonous Vapours        Pois/Air       0%         N/A       43%         2
 Static Discharge         Conj/Air       0%         2-2/arc   43%         2
 Call Canine Familiar     Summ           0%         N/A       67%         3
 Gell's Gravitas          Tloc           0%         N/A       67%         3
 Stone Arrow              Conj/Erth      0%         3d7       67%         3
 Summon Guardian Golem    Hex/Summ       0%         N/A       67%         3
 Teleport Other           Tloc           0%         N/A       67%         3
 Airstrike                Air            0%         2d(0-16)  97%         4
 Olgreb's Toxic Radiance  Pois           0%         N/A       97%         4
 Summon Lightning Spire   Summ/Air       0%         N/A       97%         4
 Dispersal                Tloc           0%         N/A       100%        6


Dungeon Overview and Level Annotations

Branches:
Dungeon (10/15)            Temple (1/1) D:5
   Lair: D:8-11         Orc: D:9-12

Altars:
Ashenzari
Cheibriados
Dithmenos
Elyvilon
Fedhas
Gozag
Hepliaklqana
Kikubaaqudgha
Makhleb
Nemelex Xobeh
Okawaru
Qazlal
Ru
Sif Muna
Trog
Uskayaw
Vehumet
Wu Jian
Yredelemnul
Zin
The Shining One

Shops:
D:1 (


Innate Abilities, Weirdness & Mutations

You are too large for most types of armour.
You have tough skin. (AC +1)
Your flesh is cold resistant. (rC+)


Message History

The boulder beetle curls into a ball and begins rolling!
A black bear comes into view.
You puncture the boulder beetle!
The boulder beetle is moderately wounded.
The boulder beetle hits you!!!
The boulder beetle stops rolling and uncurls.
You hear a howl!
You hit the boulder beetle but do no damage.
The boulder beetle is moderately wounded.
The boulder beetle bites you.
You hit the boulder beetle.
The boulder beetle is heavily wounded.
A water moccasin comes into view.
The boulder beetle bites you!
* * * LOW HITPOINT WARNING * * *
You bludgeon the water moccasin!!
The water moccasin is almost dead.
The boulder beetle bites you!!
* * * LOW HITPOINT WARNING * * *
The water moccasin bites you.
* * * LOW HITPOINT WARNING * * *
Unknown command.
Okay, then.
As you read the scroll of fear, it crumbles to dust.
You assume a fearsome visage.
The water moccasin looks frightened!
The black bear looks frightened!
The wyvern looks frightened!
The boulder beetle looks frightened!
The yak looks frightened! x2
The boulder beetle leaps!
The boulder beetle leaps!
Cornered, the yak turns to fight!
The boulder beetle curls into a ball and begins rolling!
Blink to where?
Press: ? - help, Dir - move target
As you read the scroll of blinking, it crumbles to dust.
Blink to where?
Press: ? - help, Dir - move target, f - you
Okay, then.
Okay, then.
The boulder beetle attacks as you move away!
The boulder beetle hits you!!!
You die...

#...##########.°#
#..# ###...# #..#
#..# ......# #..#
#..# ##....#
#..########..####
#....#
#Y..............#
#.B..#
#...°§..........#
#....#
#..°######......#
#....# #.B.#
#.###### #†...#
#@..# #.# #....#
#...# #.# #....+
#...# #.# #....#
#...# #.# #.....
....# #.# .......
.....# #.#
.#######
....######.#
............#
..........#


You could see a boulder beetle (rolling) and a yak.

Vanquished Creatures
  Gastronok (D:9)
  Nergalle (D:10)
  Joseph (D:10)
  An efreet (D:8)
  A troll (D:8)
  Grinder (D:4)
  A hornet (D:9)
  Sigmund (D:4)
  3 wyverns
  13 yaks
  2 vampire mosquitoes (D:10)
  A steam dragon (D:7)
  3 water moccasins
  Edmund (D:6)
  2 black bears
  A sky beast (D:6)
  3 ice beasts
  4 orc warriors
  3 ogres
  2 wolves (D:10)
  5 centaurs
  3 bullfrogs
  3 kobold brigands
  3 gnoll sergeants
  A scorpion (D:6)
  12 wights
  6 killer bees (D:4)
  A howler monkey (D:5)
  An electric eel (D:9)
  4 hounds
  A jelly (D:4)
  Crazy Yiuf (D:2)
  4 orc priests
  6 orc wizards
  Natasha (thrice) (D:4)
  An iguana (D:6)
  Robin (D:2)
  22 gnolls
  3 adders
  A shadow imp (D:6)
  2 white imps
  An ufetubus (D:6)
  5 dart slugs
  35 orcs
  7 ball pythons
  5 bats
  6 endoplasms
  7 giant cockroaches
  12 goblins
  4 hobgoblins
  2 jackals (D:1)
  17 kobolds
  7 quokkas
  3 frilled lizards (D:1)
  5 rats
246 creatures vanquished.

Notes
Turn   | Place    | Note
-------+----------+-------------------------------------------
     0 | D:1      | Maxmaps the Ogre Monk began the quest for the Orb.
     0 | D:1      | Reached XP level 1. HP: 24/24 MP: 1/1
    62 | D:1      | Reached skill level 3 in Maces & Flails
   102 | D:1      | Reached XP level 2. HP: 32/32 MP: 2/2
   255 | D:1      | Found Diekh's Antique Weapon Shop.
   494 | D:1      | Found a faded altar of an unknown god.
   499 | D:1      | Reached XP level 3. HP: 36/39 MP: 3/3
  1046 | D:2      | Noticed Robin
  1048 | D:2      | Reached skill level 4 in Maces & Flails
  1059 | D:2      | Killed Robin
  1246 | D:2      | Reached XP level 4. HP: 48/48 MP: 4/4
  1938 | D:2      | Found a runed translucent door.
  1939 | D:2      | Noticed Crazy Yiuf
  1945 | D:2      | Killed Crazy Yiuf
  2293 | D:3      | Reached skill level 5 in Maces & Flails
  2293 | D:3      | Reached XP level 5. HP: 42/54 MP: 5/5
  2314 | D:3      | Identified a scroll of acquirement
  2314 | D:3      | Acquired the amulet "Wapnudi" {Reflect rPois rF+ rN+ SH+5}
  2434 | D:3      | Noticed a water moccasin
  2451 | D:3      | Killed a water moccasin
  2452 | D:3      | Reached skill level 6 in Maces & Flails
  2452 | D:3      | Reached XP level 6. HP: 12/62 MP: 6/6
  3575 | D:4      | Noticed Grinder
  3595 | D:4      | Killed Grinder
  3596 | D:4      | Reached skill level 7 in Maces & Flails
  3596 | D:4      | Reached XP level 7. HP: 40/70 MP: 7/7
  3818 | D:4      | Noticed Natasha
  3830 | D:4      | Killed Natasha
  3836 | D:4      | Gained mutation: Your flesh is cold resistant. (rC+)
                  | [potion of mutation]
  3968 | D:4      | Noticed Natasha
  3977 | D:4      | Killed Natasha
  4006 | D:4      | Noticed Natasha
  4011 | D:4      | Killed Natasha
  4012 | D:4      | Reached skill level 8 in Maces & Flails
  4100 | D:4      | Noticed Sigmund
  4115 | D:4      | Killed Sigmund
  4116 | D:4      | Reached XP level 8. HP: 75/78 MP: 8/8
  4183 | D:4      | Reached skill level 9 in Maces & Flails
  4629 | D:4      | Found a bloodstained altar of Trog.
  4764 | D:5      | Entered Level 5 of the Dungeon
  4788 | D:5      | Found a staircase to the Ecumenical Temple.
  4795 | Temple   | Entered the Ecumenical Temple
  4816 | Temple   | Became a worshipper of the Shining One
  4816 | Temple   | Reached * piety under the Shining One
  4816 | Temple   | Reached ** piety under the Shining One
  5188 | D:5      | Reached skill level 10 in Maces & Flails
  5527 | D:6      | Reached XP level 9. HP: 60/84 MP: 9/9
  5695 | D:6      | Noticed Edmund
  5701 | D:6      | Killed Edmund
  5702 | D:6      | Reached skill level 11 in Maces & Flails
  6783 | D:7      | Reached skill level 12 in Maces & Flails
  7607 | D:7      | Reached XP level 10. HP: 62/92 MP: 10/10
  7699 | D:7      | Reached skill level 13 in Maces & Flails
  7960 | D:8      | Reached *** piety under the Shining One
  7961 | D:8      | Reached skill level 14 in Maces & Flails
  8155 | D:8      | Identified the +7 short sword of Wisdom {drain, *Corrode
                  | +Blink rF- Dex+6}
  9213 | D:8      | Reached skill level 15 in Maces & Flails
  9213 | D:8      | Reached XP level 11. HP: 10/100 MP: 11/11
  9531 | D:8      | Reached skill level 1 in Armour
  9960 | D:9      | Reached **** piety under the Shining One
 10123 | D:9      | Found an ornate altar of the Wu Jian Council.
 10160 | D:9      | Found a glowing silver altar of Zin.
 10289 | D:9      | Noticed Gastronok
 10302 | D:9      | Killed Gastronok
 10426 | D:9      | Paralysed by a hornet for 2 turns
 10506 | D:9      | Found a radiant altar of Vehumet.
 10567 | D:10     | Entered Level 10 of the Dungeon
 10578 | D:10     | Found a shimmering blue altar of Sif Muna.
 10578 | D:10     | Found a shadowy altar of Dithmenos.
 10579 | D:10     | Found a burning altar of Makhleb.
 10672 | D:10     | Noticed Joseph
 10682 | D:10     | Killed Joseph
 10743 | D:10     | Noticed a boulder beetle
 10745 | D:10     | Noticed Nergalle
 10759 | D:10     | Killed Nergalle
 10783 | D:10     | HP: 4/115 [water moccasin (6)]
 10808 | D:10     | Demolished by a boulder beetle

Illustrated notes

Levels and vault maps discovered:
D:1:      minmay_arrival_stair_chambers, layout_loops_ring,
          hellmonk_ecumenical_altar_dog_temple, serial_shops,
          nicolae_lakefront_shop
D:2:      layout_basic, corexii_item_surrounded_by_moat,
          uniq_crazy_yiuf_cottage, uniq_robin
D:3:      layout_loops_corners, portal_sewer_entry_f, serial_rivers,
          chequers_serial_rivers_large_a, chequers_serial_rivers_marsh,
          chequers_serial_rivers_small_3, chequers_serial_rivers_large_b
D:4:      layout_basic, lemuel_tele_altar, uniq_natasha, uniq_sigmund,
          uniq_grinder
D:5:      layout_basic, minmay_temple_entry_mini_moons, corexii_corridor_pit,
          lightli_corner_chamber
D:6:      layout_layer_cave, uniq_edmund
D:7:      layout_loops_ring
D:8:      layout_basic, special_room [special_room_orc],
          minmay_chambers_of_fives
D:9:      layout_rooms, nicolae_overflow_squiral,
          mainiacjoe_overflow_surrounded_room, uniq_gastronok
D:10:     layout_irregular_city, gammafunk_temple_overflow_forgotten,
          kennysheep_mini, minmay_lair_entry_grove, nicolae_trove_entry_columns,
          uniq_nergalle, uniq_joseph
Temple:   nicolae_temple_bog_church

Skill      XL: |  1  2  3  4  5  6  7  8  9 10 11 |
---------------+----------------------------------+-----
Maces & Flails | 3 4 5 6 7 8 10 12 15 | 15.0
Armour         | 3 |  3.0
Dodging        | 3 |  3.0
Fighting       | 9 |  9.3

Action                     |  1- 3 |  4- 6 |  7- 9 | 10-12 || total
---------------------------+-------+-------+-------+-------++-------
  Melee: Mace              |    86 |   136 |   163 |       ||   385
         Giant spiked club |       |       |   133 |   233 ||   366
    Use: Scroll            |       |     8 |     6 |     4 ||    18
         Potion            |       |       |    10 |     6 ||    16
 Armour: Robe              |    21 |    45 |    76 |    20 ||   162
         Skin              |       |       |    37 |    16 ||    53
         Troll leather arm |       |       |       |    19 ||    19
  Dodge: Dodged            |    32 |    60 |   155 |    97 ||   344
  Block: Orb               |       |    16 |    56 |       ||    72
         Reflection        |       |     1 |     3 |     6 ||    10
         Other             |       |       |    46 |    62 ||   108

Table legend: (Time is in decaauts)
 A = Elapsed time spent in this place.
 B = Non-inter-level travel time spent in this place.
 C = Inter-level travel time spent in this place.
 D = Time resting spent in this place.
 E = Time spent auto-exploring this place.
 F = Levels seen in this place.
 G = Mean time per level.
                   A        B        C        D        E       F      G
               +--------+--------+--------+--------+--------+-----+--------+
         Total |  10866 |  10357 |    509 |   2041 |   6632 |  11 |  987.8 |
       Dungeon |  10823 |  10354 |    469 |   2041 |   6632 |  10 | 1082.3 |
        Temple |     42 |      2 |     40 |      0 |      0 |   1 |   42.0 |
               +--------+--------+--------+--------+--------+-----+--------+

Top non-repeatable levels by time:
     D:7: 1891 daAuts
     D:3: 1492 daAuts
     D:8: 1420 daAuts
     D:4: 1211 daAuts
     D:6: 1168 daAuts
     D:2: 1139 daAuts
     D:1: 939 daAuts
     D:5: 698 daAuts
     D:9: 621 daAuts
    D:10: 242 daAuts
  Temple: 42 daAuts
